[ PARTIDA AOE2 · #507091659 ]
UnrankedAztecas vs Slavs
Equipo del jugador · VICT
Equipo rival · DERR
[ ANÁLISIS DE REPETICIÓN · EXTRAÍDO DE LA PARTIDA GRABADA ]
Feudal
—
Castillos
—
Imperial
—
| APM promedio | 37.2 |
| APM pico | 86 |
| eAPM promedio | 22.7 |
| Aldeanos / militares | 156 / 116 |
Foco
⚔️ 30.0% · 🌾 70.0%
Militia ×97 · Mangonel ×9 · Trebuchet (Packed) ×6 · Monk ×2 · Spearman ×2
Feudal
—
Castillos
—
Imperial
—
| APM promedio | 26.0 |
| APM pico | 92 |
| eAPM promedio | 15.7 |
| Aldeanos / militares | 114 / 116 |
Foco
⚔️ 36.4% · 🌾 63.6%
Militia ×51 · Boyar ×38 · Skirmisher ×12 · Scorpion ×10 · Monk ×3 · Mangonel ×2
Mapa de la partida
Recursos iniciales + cada clic de construcción. Líneas = muros · curvas = relieve. ◆ oro · ⬟ piedra · ● bayas · ✦ reliquia · ◌ hueco del cierre
Tu base· ✓ Cerrada en 11:38 · 0t muro · 2 puerta(s)
Base de IFallen SaintI· ✓ Cerrada en 12:56 · 0t muro · 2 puerta(s)
Terreno inicial suavizado · ◌ = hueco del cierre detectado · pasá el cursor para detalles
Inputs por minuto
— abhishekchopra.ubs - - IFallen SaintI
Build order — abhishekchopra.ubs
Primeras 150 de 454 acciones detectadas
| 0:02 | Encolar | Villager (Male) ×4 |
| 0:04 | Construir | House |
| 0:06 | Construir | House |
| 1:29 | Encolar | Villager (Male) |
| 1:29 | Encolar | Villager (Male) |
| 2:03 | Construir | Lumber Camp |
| 2:15 | Construir | Lumber Camp |
| 2:20 | Encolar | Villager (Male) |
| 2:36 | Encolar | Villager (Male) |
| 2:47 | Encolar | Villager (Male) |
| 3:15 | Encolar | Villager (Male) |
| 3:44 | Encolar | Villager (Male) |
| 4:00 | Encolar | Villager (Male) |
| 4:08 | Construir | House |
| 4:26 | Encolar | Villager (Male) |
| 5:02 | Encolar | Villager (Male) |
| 5:12 | Construir | House |
| 5:25 | Construir | Mill |
| 5:39 | Encolar | Villager (Male) |
| 5:39 | Encolar | Villager (Male) |
| 5:56 | Encolar | Villager (Male) |
| 6:11 | Construir | Mill |
| 6:16 | Encolar | Villager (Male) |
| 6:36 | Encolar | Villager (Male) |
| 7:07 | Encolar | Villager (Male) |
| 7:30 | Construir | Farm |
| 7:34 | Encolar | Villager (Male) |
| 7:55 | Construir | Farm |
| 8:06 | Encolar | Villager (Male) |
| 8:27 | Investigar | Feudal Age |
| 8:38 | Construir | Farm |
| 8:58 | Encolar | Villager (Male) |
| 8:58 | Encolar | Villager (Male) |
| 9:07 | Construir | House |
| 10:50 | Construir | Market |
| 10:53 | Construir | Blacksmith |
| 11:38 | Investigar | Castle Age |
| 11:38 | Investigar | Castle Age |
| 11:52 | Investigar | Double-Bit Axe |
| 11:52 | Investigar | Double-Bit Axe |
| 12:05 | Investigar | Horse Collar |
| 14:22 | Construir | Town Center |
| 14:30 | Construir | Town Center |
| 14:54 | Encolar | Villager (Male) |
| 14:54 | Encolar | Villager (Male) |
| 14:56 | Investigar | Bow Saw |
| 14:56 | Investigar | Bow Saw |
| 14:59 | Investigar | Heavy Plow |
| 14:59 | Investigar | Heavy Plow |
| 15:00 | Encolar | Villager (Male) |
| 15:30 | Construir | Monastery |
| 15:33 | Encolar | Villager (Male) |
| 15:58 | Construir | Farm |
| 16:02 | Construir | Farm |
| 16:04 | Construir | Farm |
| 16:05 | Encolar | Villager (Male) |
| 16:05 | Encolar | Villager (Male) |
| 16:14 | Encolar | Monk |
| 16:21 | Encolar | Villager (Male) |
| 16:29 | Encolar | Villager (Male) |
| 16:31 | Construir | Farm |
| 16:35 | Construir | Farm |
| 16:38 | Construir | Farm |
| 16:39 | Construir | Farm |
| 16:41 | Encolar | Villager (Male) |
| 16:47 | Construir | Farm |
| 16:51 | Construir | Farm |
| 16:51 | Encolar | Villager (Male) |
| 17:04 | Encolar | Villager (Male) |
| 17:06 | Encolar | Villager (Male) |
| 17:10 | Construir | Farm |
| 17:13 | Construir | Farm |
| 17:35 | Encolar | Villager (Male) |
| 17:41 | Construir | Siege Workshop |
| 17:43 | Encolar | Villager (Male) |
| 17:53 | Encolar | Villager (Male) |
| 18:01 | Construir | House |
| 18:03 | Construir | House |
| 18:05 | Construir | House |
| 18:05 | Construir | House |
| 18:13 | Encolar | Villager (Male) |
| 18:15 | Construir | Farm |
| 18:38 | Encolar | Villager (Male) |
| 18:41 | Encolar | Villager (Male) |
| 18:45 | Construir | Farm |
| 18:47 | Encolar | Villager (Male) |
| 18:56 | Encolar | Villager (Male) |
| 19:00 | Construir | Farm |
| 19:02 | Construir | Farm |
| 19:05 | Construir | Farm |
| 19:08 | Construir | Farm |
| 19:12 | Encolar | Villager (Male) |
| 19:20 | Construir | House |
| 19:28 | Encolar | Villager (Male) |
| 19:37 | Encolar | Villager (Male) |
| 19:38 | Encolar | Villager (Male) |
| 19:43 | Construir | Farm |
| 19:46 | Construir | Farm |
| 19:47 | Encolar | Villager (Male) |
| 19:50 | Construir | Farm |
| 19:56 | Construir | Farm |
| 19:59 | Construir | Farm |
| 20:00 | Encolar | Villager (Male) |
| 20:11 | Encolar | Monk |
| 20:16 | Encolar | Villager (Male) |
| 20:19 | Construir | Farm |
| 20:25 | Construir | Farm |
| 20:27 | Encolar | Villager (Male) |
| 20:28 | Encolar | Villager (Male) |
| 20:30 | Construir | House |
| 20:31 | Encolar | Mangonel |
| 20:33 | Encolar | Villager (Male) |
| 20:39 | Construir | Farm |
| 20:42 | Construir | Farm |
| 20:43 | Encolar | Villager (Male) |
| 20:47 | Construir | Farm |
| 20:50 | Investigar | Wheelbarrow |
| 20:50 | Investigar | Wheelbarrow |
| 20:50 | Investigar | Wheelbarrow |
| 20:51 | Encolar | Villager (Male) |
| 21:02 | Construir | House |
| 21:04 | Construir | House |
| 21:15 | Construir | Palisade Gate |
| 21:16 | Encolar | Villager (Male) |
| 21:34 | Encolar | Villager (Male) |
| 21:40 | Construir | Town Center |
| 21:45 | Encolar | Villager (Male) |
| 21:46 | Encolar | Villager (Male) |
| 21:47 | Encolar | Villager (Male) |
| 21:54 | Construir | Farm |
| 21:58 | Construir | Farm |
| 22:07 | Construir | Farm |
| 22:07 | Encolar | Villager (Male) |
| 22:09 | Encolar | Villager (Male) |
| 22:14 | Construir | House |
| 22:15 | Construir | House |
| 22:16 | Construir | House |
| 22:18 | Construir | House |
| 22:29 | Encolar | Villager (Male) |
| 22:32 | Encolar | Villager (Male) |
| 22:38 | Encolar | Villager (Male) |
| 22:44 | Construir | Farm |
| 22:45 | Encolar | Villager (Male) |
| 22:48 | Encolar | Villager (Male) |
| 22:54 | Construir | House |
| 23:00 | Construir | Lumber Camp |
| 23:05 | Construir | Lumber Camp |
| 23:07 | Encolar | Villager (Male) |
| 23:09 | Encolar | Villager (Male) |
| 23:12 | Encolar | Villager (Male) |
Build order — IFallen SaintI
Primeras 150 de 359 acciones detectadas
| 0:01 | Encolar | Villager (Male) |
| 0:01 | Encolar | Villager (Male) |
| 0:01 | Encolar | Villager (Male) |
| 0:01 | Encolar | Villager (Male) |
| 0:04 | Construir | House |
| 0:08 | Construir | House |
| 1:32 | Encolar | Villager (Male) |
| 1:32 | Encolar | Villager (Male) |
| 1:51 | Encolar | Villager (Male) |
| 1:52 | Encolar | Villager (Male) |
| 2:11 | Construir | Lumber Camp |
| 2:28 | Encolar | Villager (Male) |
| 2:29 | Encolar | Villager (Male) |
| 2:42 | Construir | House |
| 3:08 | Encolar | Villager (Male) |
| 3:08 | Encolar | Villager (Male) |
| 3:17 | Construir | House |
| 3:44 | Encolar | Villager (Male) |
| 3:45 | Encolar | Villager (Male) |
| 3:45 | Encolar | Villager (Male) |
| 4:36 | Encolar | Villager (Male) |
| 4:36 | Encolar | Villager (Male) |
| 4:37 | Encolar | Villager (Male) |
| 4:51 | Construir | Mill |
| 5:08 | Encolar | Villager (Male) |
| 5:21 | Encolar | Villager (Male) |
| 5:47 | Encolar | Villager (Male) |
| 6:04 | Encolar | Villager (Male) |
| 6:40 | Construir | Farm |
| 6:46 | Construir | Farm |
| 6:55 | Construir | Mill |
| 6:56 | Encolar | Villager (Male) |
| 7:30 | Encolar | Villager (Male) |
| 7:45 | Encolar | Villager (Male) |
| 7:52 | Construir | Lumber Camp |
| 8:01 | Encolar | Villager (Male) |
| 8:39 | Investigar | Feudal Age |
| 9:10 | Construir | Mining Camp |
| 9:29 | Encolar | Villager (Male) |
| 9:29 | Encolar | Villager (Male) |
| 10:55 | Construir | Blacksmith |
| 11:04 | Construir | Market |
| 11:21 | Investigar | Loom |
| 11:34 | Construir | House |
| 12:10 | Encolar | Villager (Male) |
| 12:56 | Investigar | Castle Age |
| 13:04 | Construir | Barracks |
| 13:11 | Investigar | Double-Bit Axe |
| 13:41 | Investigar | Horse Collar |
| 13:59 | Construir | Barracks |
| 14:11 | Construir | Farm |
| 14:15 | Construir | Farm |
| 14:18 | Construir | Farm |
| 14:32 | Investigar | Man-at-Arms (upgrade) |
| 14:42 | Construir | Farm |
| 14:46 | Encolar | Villager (Male) |
| 15:02 | Investigar | Gold Mining |
| 15:27 | Encolar | Militia |
| 15:40 | Construir | Siege Workshop |
| 15:42 | Encolar | Villager (Male) |
| 16:00 | Encolar | Villager (Male) |
| 16:21 | Encolar | Militia |
| 16:22 | Encolar | Militia |
| 16:25 | Encolar | Villager (Male) |
| 16:55 | Construir | Town Center |
| 16:56 | Encolar | Villager (Male) |
| 17:08 | Encolar | Villager (Male) |
| 17:20 | Encolar | Villager (Male) |
| 18:18 | Encolar | Villager (Male) |
| 18:18 | Encolar | Villager (Male) |
| 18:33 | Encolar | Villager (Male) |
| 18:44 | Encolar | Villager (Male) |
| 18:44 | Encolar | Villager (Male) |
| 18:52 | Construir | Town Center |
| 18:56 | Construir | Monastery |
| 18:58 | Encolar | Villager (Male) |
| 18:58 | Encolar | Villager (Male) |
| 19:02 | Encolar | Mangonel |
| 19:06 | Encolar | Militia |
| 19:07 | Encolar | Militia |
| 19:14 | Construir | Farm |
| 19:34 | Encolar | Villager (Male) |
| 19:34 | Encolar | Villager (Male) |
| 19:39 | Construir | Farm |
| 19:58 | Construir | Farm |
| 19:59 | Encolar | Villager (Male) |
| 19:59 | Encolar | Villager (Male) |
| 20:07 | Construir | Farm |
| 20:15 | Encolar | Monk |
| 20:15 | Encolar | Monk |
| 20:17 | Encolar | Monk |
| 20:19 | Encolar | Villager (Male) |
| 20:19 | Encolar | Villager (Male) |
| 20:35 | Construir | Farm |
| 20:40 | Encolar | Villager (Male) |
| 20:40 | Encolar | Villager (Male) |
| 20:40 | Encolar | Villager (Male) |
| 20:52 | Encolar | Villager (Male) |
| 20:52 | Encolar | Villager (Male) |
| 20:52 | Encolar | Villager (Male) |
| 20:54 | Construir | Farm |
| 21:18 | Construir | Farm |
| 21:20 | Construir | Farm |
| 21:24 | Encolar | Villager (Male) |
| 21:24 | Encolar | Villager (Male) |
| 21:24 | Encolar | Villager (Male) |
| 21:30 | Encolar | Villager (Male) |
| 21:31 | Encolar | Villager (Male) |
| 21:39 | Encolar | Militia |
| 21:44 | Construir | House |
| 21:46 | Construir | House |
| 21:47 | Construir | House |
| 21:48 | Construir | House |
| 21:54 | Investigar | Heavy Plow |
| 21:57 | Construir | Farm |
| 22:46 | Encolar | Villager (Male) |
| 22:46 | Encolar | Villager (Male) |
| 22:46 | Encolar | Villager (Male) |
| 22:54 | Construir | Farm |
| 22:58 | Construir | Farm |
| 23:01 | Encolar | Militia |
| 23:02 | Encolar | Militia |
| 23:04 | Investigar | Long Swordsman (upgrade) |
| 23:34 | Construir | Farm |
| 23:36 | Construir | Farm |
| 23:39 | Construir | Farm |
| 23:56 | Construir | Farm |
| 24:00 | Encolar | Scorpion |
| 24:01 | Encolar | Scorpion |
| 24:02 | Encolar | Scorpion |
| 24:05 | Encolar | Mangonel |
| 24:09 | Investigar | Scale Mail Armor |
| 24:11 | Investigar | Forging |
| 24:13 | Encolar | Villager (Male) |
| 24:13 | Encolar | Villager (Male) |
| 24:13 | Encolar | Villager (Male) |
| 24:15 | Construir | Farm |
| 24:35 | Encolar | Villager (Male) |
| 24:35 | Encolar | Villager (Male) |
| 24:35 | Encolar | Villager (Male) |
| 24:47 | Construir | Mining Camp |
| 24:49 | Encolar | Villager (Male) |
| 24:49 | Encolar | Villager (Male) |
| 24:49 | Encolar | Villager (Male) |
| 25:03 | Investigar | Bow Saw |
| 25:06 | Construir | Lumber Camp |
| 25:09 | Construir | House |
| 25:10 | Construir | House |
| 25:13 | Construir | House |
| 25:21 | Construir | Farm |
Cronología de la partida
| 12:55 | IFallen SaintI · first_market_sell 100 wood |
| 13:04 | IFallen SaintI · first_building Barracks |
| 15:30 | abhishekchopra.ubs · first_building Monastery |
| 15:40 | IFallen SaintI · first_building Siege Workshop |
| 17:41 | abhishekchopra.ubs · first_building Siege Workshop |
| 18:56 | IFallen SaintI · first_building Monastery |
| 21:31 | abhishekchopra.ubs · first_market_buy 100 stone |
| 21:52 | IFallen SaintI · first_market_buy 100 food |
| 26:55 | abhishekchopra.ubs · first_building Barracks |
| 27:34 | IFallen SaintI · first_building Archery Range |
| 28:35 | abhishekchopra.ubs · first_building Castle |
| 31:13 | IFallen SaintI · first_building Castle |
| 36:53 | abhishekchopra.ubs · first_market_sell 100 food |
| 38:11 | IFallen SaintI · first_building Stable |
| 39:49 | IFallen SaintI · resign |
[ ANÁLISIS IA · 1 CRÉDITO ]
¿Qué pasó realmente en esta partida?
Wolo.gg analiza cada decisión: build order, eco, micro, errores típicos por bracket. Análisis personalizado por WhatsApp o Discord en 30 segundos.
Guía civ
Aztecas
Perfil
Jugador #20306035